AoeStats
← Robyht

Black Forest

510311086Analyzed
2v2 RM · 1d ago on Sep 30, 2026· 41m 31s· 4 players
Game mode
Random Map
Map size
Medium (4 player)
Population
200
Speed
Normal
Resources
Standard
Victory
Conquest
Starting age
Dark Age
Ending age
Imperial Age
RankedLock teamsTeams togetherTeam positionsShared explorationLock speedFull tech treeHidden civsTurbo modeCheats
Victory
Defeat
🇨🇳 Cumans · China
971
+15
🇨🇳 Teutons · China
934
+17
🇮🇹 Romans · Italy
949
-16
🇮🇹 Bohemians · Italy
949
-16
Robyht
0:34 Loom
11:53 Feudal Age
12:55 Horse Collar
16:51 Castle Age
15:26 Double-Bit Axe
17:28 Town Watch
17:46 Heavy Plow
20:48 Bow Saw
22:59 Fortified Wall
25:35 Town Patrol
25:28 Pikeman
27:50 Ballistics
29:20 Wheelbarrow
32:40 Imperial Age
34:23 Heavy Scorpion
35:51 Fletching
36:02 Scale Mail Armor
37:54 Chemistry
39:40 Halberdier
DaffySpace6253
0:33 Loom
12:25 Feudal Age
14:16 Double-Bit Axe
14:57 Horse Collar
18:04 Castle Age
19:29 Bow Saw
19:22 Heavy Plow
26:28 Wheelbarrow
26:45 Caravan
28:01 Hand Cart
32:08 Imperial Age
30:58 Chemistry
30:49 Ballistics
31:38 Fletching
34:46 Two-Man Saw
36:22 Houfnice
36:27 Pikeman
37:41 Elite Hussite Wagon
38:50 Conscription
38:19 Town Watch
THELASTPIG
10:19 Feudal Age
10:52 Double-Bit Axe
10:56 Horse Collar
20:42 Castle Age
19:28 Forging
19:59 Bloodlines
20:32 Scale Barding Armor
20:55 Stone Mining
20:55 Gold Mining
23:53 Wheelbarrow
24:43 Gold Shaft Mining
24:05 Man-at-Arms
24:07 Pikeman
28:33 Imperial Age
27:03 Bow Saw
26:56 Heavy Plow
26:33 Capped Ram
28:48 Iron Casting
28:33 Chain Barding Armor
30:19 Hand Cart
29:34 Cavalier
33:18 Blast Furnace
32:53 Plate Barding Armor
32:12 Fletching
32:23 Padded Archer Armor
33:10 Crop Rotation
33:43 Two-Man Saw
35:15 Bodkin Arrow
35:56 Plate Barding Armor
35:36 Leather Archer Armor
38:54 Ring Archer Armor
39:23 Paladin
NIKO
11:16 Feudal Age
12:34 Wheelbarrow
11:46 Double-Bit Axe
11:44 Horse Collar
21:49 Castle Age
20:25 Stone Mining
22:41 Bow Saw
22:49 Hand Cart
23:55 Heavy Plow
26:39 Forging
26:31 Scale Mail Armor
26:32 Padded Archer Armor
27:38 Squires
27:49 Gold Mining
28:34 Stone Shaft Mining
29:11 Fortified Wall
30:30 Arson
33:48 Iron Casting
33:29 Chain Mail Armor
36:21 Imperial Age
35:45 Ballistics
38:44 Chemistry
38:02 Leather Archer Armor
38:48 Blast Furnace
38:18 Plate Mail Armor
38:13 Conscription
38:15 Crenellations
39:23 Two-Man Saw
39:25 Masonry
39:55 Crop Rotation
41:25 Caravan
Connection lost

Rejoining the realm…

Still unreachable

The connection could not be restored.

Session expired

The server has moved on; the page needs a fresh start.